 Dungeon Crawl Stone Soup version 0.30-b1-2-g02819fbbbe (webtiles) character file.

Game seed: 6915290848030459447

4681 Metae the Protected (level 10, -30/90 HPs)
             Began as a Minotaur Fighter on July 4, 2023.
             Was an Elder of Uskayaw.
             Annihilated by Gastronok (31 damage)
             ... on level 8 of the Dungeon.
             The game lasted 00:17:33 (6720 turns).

Metae the Protected (Minotaur Fighter)              Turns: 6720, Time: 00:17:34

Health: -30/90     AC: 17    Str: 25    XL:     10   Next: 21%
Magic:  12/12      EV: 10    Int:  5    God:    Uskayaw [****..]
Gold:   387        SH:  6    Dex: 16    Spells: 9/9 levels left

rFire   . . .        a - +0 war axe
rCold   . . .        c - +0 buckler
rNeg    . . .        H - +0 plate armour
rPois   .            (helmet unavailable)
rElec   .            t - +0 cloak
rCorr   .            (no gloves)
SInv    .            (no boots)
Will    .....        (no amulet) Stlth
                     i - +6 ring of dexterity
HPRegen 0.35/turn    (no ring)
MPRegen 0.13/turn

%: no passive effects
@: mighty, slowed, very slow
A: horns 3, retaliatory headbutt, iridescent scales 1
a: Renounce Religion, Stomp, Line Pass


You were on level 8 of the Dungeon.
You worshipped Uskayaw.
Uskayaw was noncommittal.
You visited 2 branches of the dungeon, and saw 9 of its levels.

You collected 387 gold pieces.

Inventory:

Hand Weapons
 a - a +0 war axe (weapon)
 w - a +2 whip of electrocution
 L - the +4 flail "Cessir" {flame, *Rage rElec rC+ Str-5 Dex+2}
   (You found it on level 7 of the Dungeon)

   Str:       It affects your strength (-5).
   Dex:       It affects your dexterity (+2).
   rC:        It protects you from cold.
   rElec:     It insulates you from electricity.
   *Rage:     It berserks you when you make melee attacks (+20% chance).
 M - a +4 dagger of venom
Missiles
 A - 3 atropa-tipped darts (quivered)
 C - 2 boomerangs
 F - 2 silver javelins
 G - 2 curare-tipped darts
 N - 15 poisoned darts
Armour
 c - a +0 buckler (worn)
 t - a +0 cloak (worn)
 H - a +0 plate armour (worn)
Jewellery
 i - a +6 ring of dexterity (left hand)
 y - a ring of magical power
 K - a +6 ring of strength
Wands
 D - a wand of flame (14)
Scrolls
 b - a scroll of silence {unknown}
 g - a scroll of immolation
 h - 3 scrolls of enchant weapon
 j - 4 scrolls of teleportation
 k - a scroll of vulnerability {unknown}
 m - 2 scrolls of fear
 q - a scroll of poison {unknown}
 r - a scroll of amnesia {unknown}
 u - 2 scrolls of enchant armour {unknown}
 x - a scroll of fog {unknown}
 z - a scroll of summoning {unknown}
 I - 2 scrolls of identify
Potions
 e - 3 potions of berserk rage {unknown}
 f - 3 potions of heal wounds {unknown}
 l - a potion of haste {unknown}
 n - a potion of brilliance {unknown}
 o - 3 potions of degeneration
 p - 2 potions of mutation
 s - 3 potions of flight
 v - a potion of cancellation {unknown}
 B - a potion of ambrosia {unknown}
 E - a potion of resistance {unknown}
 J - a potion of curing {unknown}


   Skills:
 + Level 8.5 Fighting
 + Level 8.0 Axes
 + Level 8.5 Armour
 + Level 6.7 Dodging
 + Level 8.4 Shields
 + Level 4.7 Invocations


You had 9 spell levels left.
You didn't know any spells.
Your spell library contained the following spells:

 Spells                   Type           Power      Damage    Failure   Level
 Beastly Appendage        Tmut           0%         N/A       100%        1
 Scorch                   Fire           0%         2d5       100%        2
 Wereblood                Tmut           0%         N/A       100%        2
 Dazzling Flash           Conj/Hex       0%         N/A       100%        3
 Portal Projectile        Hex/Tloc       0%         N/A       100%        3
 Spider Form              Tmut/Pois      0%         N/A       100%        3
 Tukima's Dance           Hex            0%         N/A       100%        3
 Volatile Blastmotes      Fire/Tloc      0%         2d10      100%        3
 Flame Wave               Conj/Fire      0%         2d4       100%        4
 Iskenderun's Mystic Bla  Conj/Tloc      0%         2d3       100%        4
 Blade Hands              Tmut           0%         N/A       100%        5
 Starburst                Conj/Fire      0%         6d3       100%        6
 Summon Cactus Giant      Summ           0%         N/A       100%        6


Dungeon Overview and Level Annotations

Branches:
Dungeon (8/15)             Temple (1/1) D:4
   Lair: D:8-11

Altars:
Dithmenos
Elyvilon
Gozag
Makhleb
Nemelex Xobeh
Ru
Sif Muna
Trog
Uskayaw
Vehumet
Wu Jian
Xom
Zin
The Shining One

Shops:
D:7 *

Annotations:
D:8 Gastronok, Joseph


Innate Abilities, Weirdness & Mutations

You have a pair of large horns on your head.
You reflexively headbutt those who attack you in melee.
You are partially covered in iridescent scales. (AC +2)


Message History

Gastronok barely misses you.
Unknown command.
You slash Gastronok!
Gastronok is heavily wounded.
Joseph smiles happily.
Joseph shoots a sling bullet.
The sling bullet hits you! Gastronok bites you but does no damage.
Joseph shoots a sling bullet.
The sling bullet hits you but does no damage.
Uskayaw will force your foes to share their pain.
Uskayaw links your audience in an emotional bond!
You hit Gastronok.
Gastronok is heavily wounded.
Joseph shoots a sling bullet.
The sling bullet hits you but does no damage.
Gastronok bites you!!
You slash Gastronok! You headbutt Gastronok.
Gastronok is severely wounded.
Gastronok is no longer sharing his pain.
Joseph shoots a sling bullet.
The sling bullet barely misses you.
Joseph shoots a sling bullet.
The sling bullet hits you but does no damage.
Gastronok bites you!!
* * * LOW HITPOINT WARNING * * *
You feel very mighty all of a sudden.
Joseph is no longer sharing his pain.
Joseph shoots a sling bullet.
You block the sling bullet. Joseph says, "I'm happy to see you.
And I'll be happy to kill you."
Joseph shoots a sling bullet.
The sling bullet barely misses you.
Uskayaw links your audience in an emotional bond!
You slash Gastronok!
Gastronok is severely wounded.
Gastronok is no longer moving quickly.
You block Gastronok's attack.
Joseph shoots a sling bullet.
The sling bullet hits you!
* * * LOW HITPOINT WARNING * * *
It was a potion of mutation.
You feel extremely strange. The horns on your head grow some more.
Iridescent scales grow over part of your body.
Gastronok is no longer sharing his pain.
Joseph shoots a sling bullet.
You block the sling bullet. Gastronok bites you!!
You die...

.......................#
........................
....#...)).).........##.
.#..#..)<())....#....##.
....@....(.)........[...
........................
........................
..........P..........#..
.....P.@.P...P..........
##....w.......).........
.........P...P.)........
......P..####.P......<..
.........' #P)P...##...
.........#[ #...P.......
.........####....P##.#..
............)....P# ##..
#...P.....)..P## ##..


You could see Gastronok and Joseph (pain bonded).

Vanquished Creatures
  Grinder (D:3)
  Sigmund (D:4)
  5 yaks
  2 water moccasins
  The ghost of LordXaan the Magician, an amateur DECj (D:3)
  2 black bears (D:7)
  4 orc warriors
  2 ice beasts (D:7)
  2 sky beasts (D:6)
  2 ogres (D:6)
  A centaur (D:6)
  2 phantoms
  4 kobold brigands
  A bullfrog (D:7)
  7 scorpions
  4 wights
  4 howler monkeys
  3 orc priests (D:5)
  5 sleepcaps
  4 iguanas
  8 orc wizards
  Robin (D:4)
  A gnoll (D:6)
  12 adders
  A shadow imp (D:7)
  A white imp (D:6)
  An ufetubus (D:7)
  2 worms
  5 dart slugs
  31 orcs
  5 ball pythons
  6 endoplasms
  6 giant cockroaches
  12 goblins
  15 hobgoblins
  4 jackals (D:1)
  2 quokkas
  5 bats
  5 frilled lizards
  26 kobolds
  5 rats
211 creatures vanquished.

Vanquished Creatures (others)
  10 fungi
  12 plants (D:8)
22 creatures vanquished.

Grand Total: 233 creatures vanquished

Notes
Turn   | Place    | Note
-------+----------+-------------------------------------------
     0 | D:1      | Metae the Minotaur Fighter began the quest for the Orb.
     0 | D:1      | Reached XP level 1. HP: 19/19 MP: 0/0
    65 | D:1      | Reached XP level 2. HP: 22/27 MP: 1/1
   163 | D:1      | Reached skill level 1 in Dodging
   336 | D:1      | Reached XP level 3. HP: 33/33 MP: 2/2
   694 | D:2      | Found a faded altar of an unknown god.
   747 | D:2      | Reached XP level 4. HP: 40/40 MP: 3/3
  1132 | D:3      | Found a runed translucent door.
  1137 | D:3      | Found a shimmering altar of Xom.
  1361 | D:3      | Noticed Grinder
  1364 | D:3      | Killed Grinder
  1365 | D:3      | Reached skill level 5 in Fighting
  1365 | D:3      | Reached XP level 5. HP: 48/48 MP: 4/4
  1365 | D:3      | Reached XP level 6. HP: 56/56 MP: 5/5
  1502 | D:3      | Reached skill level 5 in Armour
  1502 | D:3      | Reached skill level 5 in Shields
  1928 | D:3      | Noticed LordXaan's ghost (amateur DECj)
  2096 | D:3      | Killed LordXaan's ghost
  2247 | D:4      | Reached XP level 7. HP: 58/61 MP: 6/6
  2451 | D:4      | Found a staircase to the Ecumenical Temple.
  2493 | D:4      | Noticed Sigmund
  2525 | D:4      | Killed Sigmund
  2526 | D:4      | Reached skill level 5 in Axes
  2585 | Temple   | Entered the Ecumenical Temple
  2622 | Temple   | Became a worshipper of Uskayaw the Reveller
  2706 | D:4      | Reached * piety under Uskayaw
  2760 | D:4      | Reached ** piety under Uskayaw
  2798 | D:4      | Noticed Robin
  2815 | D:4      | Killed Robin
  2815 | D:4      | Reached *** piety under Uskayaw
  2821 | D:4      | Reached **** piety under Uskayaw
  2867 | D:4      | Reached XP level 8. HP: 55/70 MP: 7/7
  3061 | D:5      | Entered Level 5 of the Dungeon
  3174 | D:5      | Reached skill level 1 in Invocations
  3184 | D:5      | Found a glowing silver altar of Zin.
  3858 | D:5      | Reached skill level 5 in Dodging
  3989 | D:5      | Reached XP level 9. HP: 79/79 MP: 10/10
  4179 | D:5      | Found a bloodstained altar of Trog.
  4452 | D:6      | Reached ***** piety under Uskayaw
  4545 | D:6      | Found a shimmering altar of Xom.
  5950 | D:7      | Found Olacvut Ber's Elemental Accessories.
  5959 | D:7      | Identified the +4 flail "Cessir" {flame, *Rage rElec rC+
                  | Str-5 Dex+2}
  6007 | D:7      | Found an ornate altar of the Wu Jian Council.
  6324 | D:7      | Reached XP level 10. HP: 79/88 MP: 12/12
  6462 | D:8      | Reached ****** piety under Uskayaw
  6702 | D:8      | Noticed Gastronok
  6708 | D:8      | Noticed Joseph
  6719 | D:8      | HP: 1/90 [Joseph/sling bullet (9)]
  6720 | D:8      | Gained mutation: You have a pair of large horns on your
                  | head. [potion of mutation]
  6720 | D:8      | Gained mutation: You are partially covered in iridescent
                  | scales. (AC +2) [potion of mutation]
  6720 | D:8      | Annihilated by Gastronok

Illustrated notes

Levels and vault maps discovered:
D:1:      dreamdust_arrival_sigmund_warning, layout_basic
D:2:      layout_rooms, chequers_ecumenical_altar_island
D:3:      layout_loops_corners, mainiacjoe_overflow_brackets,
          ebering_ghost_reflecting_pool, dreamdust_mushroom_princess,
          minmay_crystal_water, uniq_grinder
D:4:      layout_rooms, temple_pool_b, uniq_sigmund, uniq_robin
D:5:      nicolae_cairo_tiling_large, layout_basic, zin_scriptorium,
          kennysheep_little_box
D:6:      layout_loops_ring, chequers_mini_garden, minmay_ruined_shrine
D:7:      layout_cave_pools, nicolae_overflow_hidden_temple,
          nicolae_elemental_shop, minmay_misc_feat_four_crosses
D:8:      layout_cave_pools, grunt_lair_entry_orc_guard_hut,
          grunt_decor_resistance, uniq_joseph, uniq_gastronok
Temple:   nicolae_temple_ecumenical_triangle

Skill      XL: |  1  2  3  4  5  6  7  8  9 10 |
---------------+-------------------------------+-----
Dodging        | 1 2 3 4 5 6 |  6.7
Fighting       | 4 5 6 7 8 |  8.5
Armour         | 4 5 6 7 8 |  8.5
Shields        | 4 5 6 7 8 |  8.4
Axes           | 3 4 5 6 7 8 |  8.0
Invocations    | 3 4 |  4.7

Action                     |  1- 3 |  4- 6 |  7- 9 | 10-12 || total
---------------------------+-------+-------+-------+-------++-------
  Melee: War axe           |    77 |    65 |   278 |    66 ||   486
         Headbutt          |    10 |    14 |    51 |    14 ||    89
  Throw: Dart              |       |       |     4 |       ||     4
  Evoke: Wand              |       |       |     1 |       ||     1
    Use: Scroll            |       |     3 |     3 |       ||     6
         Potion            |       |       |       |     2 ||     2
   Stab: Paralysed         |       |       |    14 |     5 ||    19
 Armour: Scale mail        |    43 |    23 |    72 |       ||   138
         Plate armour      |       |       |    69 |    47 ||   116
  Dodge: Dodged            |    45 |    31 |   156 |    44 ||   276
  Block: Buckler           |    17 |    11 |    78 |    19 ||   125
